Map: Polka LE

Players

qqq - Winner!

  • Race: Zerg Zerg
  • League: Platinum
  • Spawn Location: 5:00

Massa - Winner!

  • Race: Terran Terran
  • League: Platinum
  • Spawn Location: 5:00

ClaTTer

  • Race: Zerg Zerg
  • League: Diamond
  • Spawn Location: 11:00

Tudar

  • Race: Protoss Protoss
  • League: Diamond
  • Spawn Location: 11:00

VOD

Have the link to the VOD?

Description

Time

  • Played on: Jan. 25, 2021, 12:58 p.m.
  • Length: 7:40
Show
View Real Time Build Order
Export as new Build Order

qqq Zerg - Winner!

Build Orders: Hatch First 

Get SALT Encoding   

  12  0:00  Drone  
  13  0:11  Drone  
  14  0:20  Overlord  
  14  0:45  Hatchery  
  14  0:48  Drone  
  14  0:52  Drone  
  15  1:02  Drone x2  
  17  1:20  Extractor, Spawning Pool  
  17  1:23  Drone  
  16  1:27  Drone  
  17  1:37  Overlord  
  17  1:49  Drone  
  17  1:54  Drone  
  19  2:00  Drone  
  20  2:07  Drone  
  21  2:09  Drone  
  22  2:20  Drone  
  23  2:25  Queen  
  23  2:26  Queen  
  23  2:27  Metabolic Boost  
  27  2:31  Zergling x2  
  28  2:39  Extractor  
  28  2:41  Zergling x4  
  28  2:42  Zergling x2  
  31  2:44  Zergling x2  
  31  2:51  Drone  
  32  2:53  Zergling x2  
  33  3:03  Zergling x2  
  34  3:07  Drone  
  34  3:08  Overlord  
  35  3:15  Zergling x2  
  36  3:21  Overlord  
  36  3:29  Zergling x2  
  36  3:34  Lair  
  37  3:37  Drone  
  37  3:41  Zergling x4  
  39  3:43  Hatchery  
  39  3:47  Zergling x4  
  41  4:02  Zergling x4  
  41  4:03  Zergling x6  
  41  4:09  Zergling x6  
  44  4:10  Zergling x2  
  45  4:22  Zergling x2  
  42  4:34  Zergling x4  
  42  4:35  Zergling x4  
  46  4:47  Zergling x4  
  46  4:48  Zergling x4  
  43  4:57  Zergling x2  
  43  4:58  Zergling x6  
  43  4:59  Zergling x2  
  46  5:09  Zergling x2  
  46  5:10  Zergling x4  
  47  5:25  Zergling x4  
  47  5:27  Spore Crawler  
  48  5:29  Zergling x2  
  48  5:32  Overlord x2  
  48  5:34  Zergling x2  
  48  5:35  Overlord x2  
  48  6:01  Zergling x2  
  48  6:02  Zergling x6  
  48  6:03  Zergling x8  
  54  6:14  Zergling x4  
  54  6:15  Drone x2  
  54  6:17  Queen, Spore Crawler  
  43  6:46  Zergling x6  
  45  6:50  Spire  
  45  6:53  Hydralisk Den  
  43  6:57  Zergling x2  
  43  6:58  Zergling x12  
  48  7:15  Zergling x4  
  47  7:16  Zergling x2  
  47  7:22  Spore Crawler  
Show
View Real Time Build Order
Export as new Build Order

Massa Terran - Winner!

Build Orders: 2 Factory 

Get SALT Encoding   

  12  0:00  SCV  
  13  0:12  SCV  
  14  0:24  SCV, Supply Depot  
  15  0:45  SCV  
  15  0:47  Barracks  
  16  0:52  Refinery  
  16  0:54  Refinery  
  16  0:57  SCV  
  17  1:10  SCV  
  18  1:22  SCV  
  19  1:34  SCV  
  19  1:35  Supply Depot  
  19  1:37  Factory  
  20  1:51  Orbital Command  
  20  1:56  Marine  
  21  2:18  SCV  
  22  2:30  Command Center  
  22  2:39  Hellion  
  22  2:40  SCV  
  25  2:49  Engineering Bay  
  25  2:56  SCV  
  26  3:00  Hellion  
  26  3:02  Factory  
  26  3:04  Marine  
  29  3:18  Barracks  
  29  3:19  SCV  
  30  3:28  Supply Depot  
  32  3:34  Hellion  
  32  3:41  SCV  
  33  3:47  Barracks Tech Lab  
  33  3:53  SCV  
  36  3:55  Widow Mine  
  36  4:14  Marine x2  
  36  4:17  Widow Mine  
  34  4:30  Factory Tech Lab  
  34  4:32  Marine  
  34  4:33  Missile Turret  
  34  4:35  Missile Turret  
  36  4:41  Armory  
  36  4:43  Stimpack  
  33  4:46  Barracks Reactor  
  33  4:47  Orbital Command  
  33  4:50  Marine  
  33  4:52  Barracks  
  34  4:54  Barracks  
  32  5:20  SCV x2  
  34  5:27  Missile Turret  
  34  5:29  Missile Turret  
  34  5:32  SCV x2  
  36  5:38  Widow Mine, Missile Turret  
  36  5:41  Marine  
  36  5:42  Marine  
  36  5:44  SCV  
  36  5:45  SCV  
  36  5:56  SCV  
  36  5:57  SCV  
  37  5:58  Widow Mine  
  37  5:59  Widow Mine  
  37  6:20  Widow Mine  
  39  6:30  Widow Mine  
  41  6:33  Barracks Reactor x2  
  41  6:34  Marine x3  
  42  6:47  Missile Turret  
  42  6:52  Marine x3  
  45  7:09  Marine  
  45  7:10  Marine x2  
Show
View Real Time Build Order
Export as new Build Order

ClaTTer Zerg 

Build Orders: Hatch First 

Get SALT Encoding   

  12  0:00  Drone  
  13  0:08  Drone  
  14  0:17  Overlord  
  14  0:36  Drone x2  
  14  0:37  Drone  
  17  0:57  Hatchery  
  17  1:00  Drone  
  17  1:02  Extractor  
  16  1:19  Spawning Pool  
  16  1:20  Drone  
  16  1:32  Drone  
  16  1:33  Drone  
  16  1:37  Overlord  
  17  1:52  Drone  
  18  1:54  Drone  
  19  2:06  Queen, Zergling x2  
  22  2:09  Metabolic Boost  
  22  2:19  Queen  
  22  2:22  Drone  
  25  2:27  Drone  
  26  2:39  Drone  
  26  2:40  Drone  
  26  2:41  Drone x2  
  30  2:49  Queen  
  32  2:54  Evolution Chamber  
  32  2:55  Drone  
  32  2:59  Drone  
  33  3:08  Drone x2  
  33  3:09  Drone  
  36  3:13  Overlord  
  36  3:31  Zergling x4  
  36  3:32  Zergling x12  
  44  3:36  Zerg Melee Weapons Level 1  
  44  3:58  Overlord x3  
  29  4:13  Zergling x2  
  29  4:14  Zergling x8  
  33  4:27  Zergling x4  
  35  4:49  Drone x2  
  35  4:50  Drone x2  
  32  5:01  Queen  
  32  5:07  Zergling x4  
  36  5:16  Zergling x4  
  35  5:26  Zergling x4  
  37  5:34  Zergling x4  
  37  5:45  Zergling x4  
  37  5:51  Zergling x4  
  39  5:59  Zergling x6  
  39  6:03  Zergling x2  
  33  6:14  Zergling x8  
  37  6:23  Zergling x2  
  32  6:35  Zergling x6  
  32  6:36  Zergling x4  
  23  6:42  Zergling x6  
  23  6:43  Zergling x2  
Show
View Real Time Build Order
Export as new Build Order

Tudar Protoss 

Build Orders: 1 Gate Expand, Phoenix Opening, Mass Phoenix 

Get SALT Encoding   

  12  0:00  Probe  
  13  0:12  Probe  
  14  0:18  Pylon  
  14  0:24  Probe  
  15  0:36  Probe (Chrono Boost)  
  15  0:40  Gateway  
  16  0:47  Probe (Chrono Boost)  
  16  0:48  Assimilator  
  17  0:51  Probe (Chrono Boost)  
  18  1:02  Assimilator  
  18  1:05  Probe  
  19  1:24  Nexus  
  19  1:37  Cybernetics Core  
  19  1:38  Probe  
  20  1:50  Probe  
  20  1:53  Pylon  
  21  2:02  Probe  
  22  2:14  Probe, Stargate  
  23  2:26  Probe  
  24  2:35  Assimilator  
  24  2:38  Probe  
  24  2:42  Stargate  
  25  2:47  Probe  
  25  2:50  Pylon  
  25  2:51  Probe  
  27  2:58  Phoenix (Chrono Boost)  
  29  2:59  Probe  
  29  3:03  Probe  
  31  3:06  Assimilator  
  33  3:21  Phoenix (Chrono Boost)  
  33  3:22  Pylon  
  33  3:24  Probe  
  33  3:25  Probe  
  35  3:27  Phoenix (Chrono Boost)  
  37  3:40  Phoenix (Chrono Boost)  
  37  3:41  Probe x2  
  40  3:54  Probe x2  
  33  4:06  Probe x2  
  34  4:18  Probe x2  
  33  4:27  Phoenix  
  33  4:30  Probe x2  
  35  4:41  Phoenix (Chrono Boost)  
  35  4:42  Probe  
  35  4:45  Probe  
  39  4:52  Phoenix (Chrono Boost)  
  41  5:03  Phoenix (Chrono Boost)  
  37  5:15  Probe x2  
  39  5:26  Phoenix  
  39  5:27  Probe  
  36  5:31  Probe  
  30  5:39  Probe  
  25  5:43  Probe  
  24  5:51  Probe  
  23  6:03  Probe  
  21  6:08  Probe  
  22  6:15  Probe  
  23  6:20  Probe  
  22  6:50  Probe (Chrono Boost)  
  28  6:55  Probe (Chrono Boost)  
  28  6:59  Probe (Chrono Boost)  
Tags
 
Add a new tag
Caveats
  • Supply blocks, unpowered buildings, or Contaminate may cause inaccurate times.
  • Supply counts are checked every 10 seconds.